 Dungeon Crawl Stone Soup version 0.25.0-11-g1f837a76a1 (webtiles) character file.

Game seed: 8686690521201001290

10366 MisterFreud the Grappler (level 11, -2/105 HPs)
             Began as a Troll Fighter on June 27, 2020.
             Slain by a six-headed hydra (6 damage)
             ... on level 10 of the Dungeon.
             The game lasted 00:13:06 (8493 turns).

MisterFreud the Grappler (Troll Fighter)            Turns: 8493, Time: 00:13:08

Health: -2/105     AC:  9    Str: 26    XL:     11   Next: 35%
Magic:  10/10      EV: 26    Int:  5    God:
Gold:   551        SH: 11    Dex: 11    Spells: 10/10 levels left

rFire    . . .     SeeInvis .     - Unarmed
rCold    . . .     Gourm    +   b - +0 kite shield
rNeg     . . .     Faith    .   a - +0 robe
rPois    .         Spirit   .   (helmet restricted)
rElec    .         Reflect  .   f - +2 cloak
rCorr    +         Harm     .   (gloves unavailable)
MR       +....                  (boots unavailable)
Stlth    +.........             S - amulet of the acrobat
HPRegen  0.67/turn              E - ring of protection from magic
MPRegen  0.12/turn              K - ring of resist corrosion

@: acrobat, lightly drained
A: large, unfitting armour, claws 3, fast metabolism 3, gourmand, regeneration
1, shaggy fur 1, tough skin 3
a: no special abilities


You were on level 10 of the Dungeon.
You were completely stuffed.

You visited 1 branch of the dungeon, and saw 10 of its levels.

You collected 551 gold pieces.

Inventory:

Missiles
 g - 2 throwing nets (quivered)
 j - 59 poisoned darts
 k - 6 atropa-tipped darts
 s - 4 boomerangs
Armour
 a - a +0 robe (worn)
 b - a +0 kite shield (worn)
 f - a +2 cloak (worn)
Jewellery
 E - a ring of protection from magic (left claw)
 G - an uncursed amulet of guardian spirit
 J - an uncursed ring of wizardry
 K - a ring of resist corrosion (right claw)
 S - an amulet of the acrobat (around neck)
 T - an uncursed ring of protection from cold
Wands
 m - a wand of random effects (49)
 w - a wand of polymorph (17)
 D - a wand of disintegration (6)
 H - a wand of digging (4)
Scrolls
 e - 2 scrolls of enchant armour {unknown}
 h - 6 scrolls of enchant weapon {unknown}
 n - 10 scrolls of identify {unknown}
 t - 2 scrolls of amnesia {unknown}
 u - a scroll of immolation {unknown}
 y - 3 scrolls of magic mapping {unknown}
 B - 2 scrolls of noise {unknown}
 C - 6 scrolls of teleportation {unknown}
 F - 2 scrolls of blinking {unknown}
 I - 3 scrolls of remove curse {unknown}
 N - 2 scrolls of random uselessness {unknown}
 O - a scroll of brand weapon {unknown}
 P - a scroll of fear {unknown}
 R - a scroll of fog {unknown}
Potions
 c - a potion of might
 i - a potion of magic {unknown}
 l - a potion of cancellation {unknown}
 o - 2 potions of lignification
 p - 3 potions of curing
 q - 4 potions of degeneration {unknown}
 r - 4 potions of flight {unknown}
 v - a potion of brilliance {unknown}
 x - a potion of ambrosia {unknown}
 z - 2 potions of stabbing
 A - 3 potions of resistance
 L - a potion of haste {unknown}
 Q - a potion of heal wounds {unknown}
Comestibles
 d - 20 rations
 M - a chunk of flesh


   Skills:
 - Level 6.0(5.4) Fighting
 - Level 6.0(5.4) Dodging
 + Level 8.7(8.1) Shields
 - Level 12.0(11.3) Unarmed Combat


You had 10 spell levels left.
You didn't know any spells.
Your spell library was empty.

Dungeon Overview and Level Annotations

Branches:
Dungeon (10/15)               Orc (0/2) D:9
 Temple: D:4-7         Lair: D:8-11

Altars:
Ashenzari
Cheibriados
Dithmenos
Hepliaklqana
Nemelex Xobeh
Okawaru
Beogh

Shops:
D:5 %   D:8 *   D:10 *

Annotations:
D:5 Sigmund
D:8 3 runed translucent doors, p0werm0de's ghost, novice DDFi
D:10 4 runed translucent doors, exclusion: 2 doors, Hyawatha's ghost, novice GrAK


Innate Abilities, Weirdness & Mutations

You are too large for most types of armour.
You have claws for hands.
Your metabolism is lightning-fast.
You like to eat raw meat.
Your natural rate of healing is unusually fast.
You are covered in fur. (AC +1)
You have extremely tough skin. (AC +3)


Message History

The komodo dragon bites you!
* * * LOW HITPOINT WARNING * * *
The deep elf mage casts a spell.
You claw the komodo dragon!
The komodo dragon is severely wounded.
You block the red devil's attack. You block the komodo dragon's attack.
The deep elf mage mumbles some strange words.
The deep elf mage blinks!
A six-headed hydra comes into view.
The six-headed hydra roars!
Some of the chunks of flesh in your inventory have rotted away.
Unknown command.
The six-headed hydra bites you!
* * * LOW HITPOINT WARNING * * *
The six-headed hydra completely misses you.
The six-headed hydra bites you.
* * * LOW HITPOINT WARNING * * *
You block the six-headed hydra's attack.
The six-headed hydra bites you.
You die...

.(.# ###..###3.................
...# #..###l..##...............
...# .###Y.c........####...####
...# ###r.s##......###........<.
.#..###.e§#######.#s###.#######.#
.#..eYss### #.###.##.# #.#
(...4Ys##########.#÷###.# #.#
..###)## #..............# #.#
###(####.#####@.......# #.#
#.(....e4Y..l.D....##.# #..
....#.#s##.##.s......##.#######.#
#..........###.#.#.......(......#
######..PP.............#.##......
#.P∩...##.#.......))########
#..PP..##..............#
#......##.......#.####.#
##########........# #


You could see a six-headed hydra, a komodo dragon, a deep elf mage, a yak, a red
devil (summoned) and a redback (summoned).

Vanquished Creatures
  Joseph (D:7)
  2 trolls
  A queen bee (shapeshifter) (D:10)
  Prince Ribbit (D:5)
  Grinder (D:3)
  2 dream sheep (D:10)
  2 hippogriffs
  9 yaks (D:10)
  A wyvern (D:9)
  3 hungry ghosts
  Edmund (D:6)
  Menkaure (D:7)
  2 water moccasins (D:8)
  6 orc warriors
  2 sky beasts
  3 phantoms
  A black bear (D:10)
  5 ogres
  A necrophage (D:5)
  3 centaurs (D:10)
  3 big kobolds
  11 bullfrogs
  A gnoll sergeant (D:6)
  A wyvern zombie (D:10)
  A water moccasin zombie (D:8)
  2 wyvern skeletons
  2 scorpions
  A water moccasin skeleton (D:9)
  10 killer bees (D:10)
  5 wights
  4 howler monkeys (D:9)
  5 crimson imps
  2 quasits (D:10)
  3 centaur zombies
  A jelly (D:8)
  9 hounds
  11 orc wizards
  Crazy Yiuf (D:3)
  4 orc priests
  Ijyb (D:4)
  Jessica (D:3)
  A gnoll shaman (D:5)
  Natasha (thrice) (D:4)
  An iguana (D:5)
  8 worker ants
  Robin (D:3)
  7 adders
  15 gnolls
  A shadow imp (D:7)
  2 adder skeletons
  An adder zombie (D:10)
  4 worms
  2 dart slugs (D:1)
  4 leopard geckos
  31 orcs
  A ball python (D:1)
  3 bats (D:1)
  4 giant cockroaches
  13 goblins
  9 hobgoblins
  10 jackals
  A quokka (D:5)
  A giant cockroach zombie (D:5)
  8 kobolds
  2 leopard gecko skeletons (D:4)
  A leopard gecko zombie (D:5)
  A quokka skeleton (D:4)
  10 rats
272 creatures vanquished.

Notes
Turn   | Place    | Note
-------+----------+-------------------------------------------
     0 | D:1      | MisterFreud the Troll Fighter began the quest for the Orb.
     0 | D:1      | Reached XP level 1. HP: 22/22 MP: 0/0
   239 | D:1      | Reached XP level 2. HP: 29/29 MP: 1/1
   288 | D:1      | Reached skill level 3 in Unarmed Combat
   962 | D:2      | Reached XP level 3. HP: 27/36 MP: 2/2
  1576 | D:3      | Noticed Robin
  1592 | D:3      | Reached skill level 4 in Unarmed Combat
  1616 | D:3      | Killed Robin
  1619 | D:3      | Reached XP level 4. HP: 8/44 MP: 3/3
  1731 | D:3      | Noticed Grinder
  1755 | D:3      | Paralysed by Grinder for 4 turns
  1763 | D:3      | Reached skill level 5 in Unarmed Combat
  1845 | D:3      | Killed Grinder
  1845 | D:3      | Reached skill level 6 in Unarmed Combat
  1845 | D:3      | Reached XP level 5. HP: 34/50 MP: 4/4
  1845 | D:3      | Reached XP level 6. HP: 40/59 MP: 5/5
  1888 | D:3      | Noticed Jessica
  1903 | D:3      | Killed Jessica
  1903 | D:3      | Reached skill level 7 in Unarmed Combat
  2249 | D:3      | Found a runed translucent door.
  2250 | D:3      | Noticed Crazy Yiuf
  2378 | D:3      | Killed Crazy Yiuf
  2496 | D:4      | Noticed a hippogriff
  2505 | D:4      | Killed a hippogriff
  2505 | D:4      | Reached skill level 8 in Unarmed Combat
  2505 | D:4      | Reached XP level 7. HP: 53/66 MP: 6/6
  2533 | D:4      | Noticed Natasha
  2574 | D:4      | Killed Natasha
  2668 | D:4      | Noticed Natasha
  2690 | D:4      | Killed Natasha
  2876 | D:4      | Noticed Ijyb
  2876 | D:4      | Noticed Natasha
  2880 | D:4      | Killed Natasha
  2885 | D:4      | Killed Ijyb
  3297 | D:5      | Entered Level 5 of the Dungeon
  3320 | D:5      | Reached XP level 8. HP: 74/75 MP: 7/7
  3426 | D:5      | Noticed Sigmund
  3550 | D:5      | Found Boryd's Food Boutique.
  3679 | D:5      | Noticed Prince Ribbit
  3694 | D:5      | Killed Prince Ribbit
  3694 | D:5      | Reached skill level 9 in Unarmed Combat
  3858 | D:5      | Found a sparkling altar of Nemelex Xobeh.
  4075 | D:6      | Found an iron altar of Okawaru.
  4253 | D:6      | Reached XP level 9. HP: 85/85 MP: 8/8
  4269 | D:6      | Noticed Edmund
  4294 | D:6      | Killed Edmund
  4740 | D:7      | Noticed Joseph
  4762 | D:7      | Killed Joseph
  4762 | D:7      | Reached skill level 5 in Fighting
  4762 | D:7      | Reached skill level 5 in Dodging
  4762 | D:7      | Reached skill level 5 in Shields
  4980 | D:7      | Found a snail-covered altar of Cheibriados.
  5182 | D:7      | Found a shadowy altar of Dithmenos.
  5190 | D:7      | Reached skill level 10 in Unarmed Combat
  5241 | D:7      | Noticed Menkaure
  5248 | D:7      | Killed Menkaure
  5496 | D:8      | Found Jaowu's Assorted Antiques.
  5530 | D:8      | Reached XP level 10. HP: 98/98 MP: 9/9
  5590 | D:8      | Found a runed translucent gate.
  5590 | D:8      | Found a runed translucent gate.
  5590 | D:8      | Found a runed translucent gate.
  5666 | D:8      | Noticed p0werm0de's ghost (novice DDFi)
  5847 | D:8      | Found a shattered altar of Ashenzari.
  6567 | D:10     | Entered Level 10 of the Dungeon
  6689 | D:9      | Reached skill level 11 in Unarmed Combat
  7285 | D:9      | Found a staircase to the Orcish Mines.
  7351 | D:9      | Found a hazy altar of Hepliaklqana.
  7606 | D:10     | Reached XP level 11. HP: 70/105 MP: 5/10
  8075 | D:10     | Found a runed translucent gate.
  8075 | D:10     | Found a runed translucent gate.
  8075 | D:10     | Found a runed translucent gate.
  8075 | D:10     | Noticed Hyawatha's ghost (novice GrAK)
  8076 | D:10     | Found a roughly hewn altar of Beogh.
  8078 | D:10     | Identified the +8 plate armour of Resourcefulness {rElec}
  8281 | D:10     | Reached skill level 12 in Unarmed Combat
  8432 | D:10     | Found a runed translucent door.
  8435 | D:10     | Noticed a deep elf mage
  8442 | D:10     | Identified the ring of Epidd {rPois rF+++ Str+6 Dex-4
                  | Slay-6}
  8445 | D:10     | Identified the amulet "Pileh" {Acrobat *Drain Dex+4}
  8445 | D:10     | Noticed a deep elf mage
  8461 | D:10     | Found Zoqyadd's Assorted Antiques.
  8490 | D:10     | Noticed a six-headed hydra
  8493 | D:10     | HP: 4/105 [six-headed hydra (5)]
  8493 | D:10     | Slain by a six-headed hydra

Illustrated notes

Levels and vault maps discovered:
D:1:      dpeg_arrival_simpleton_c, layout_basic
D:2:      layout_loops_ring, st_stairs_7
D:3:      layout_rooms, minmay_misc_feat_doors, uniq_robin,
          uniq_crazy_yiuf_cottage, uniq_jessica, uniq_grinder
D:4:      layout_basic, first_ration, uniq_natasha, uniq_ijyb
D:5:      layout_basic, kennysheep_little_box, minmay_temple_entry_glassed_door,
          serial_glass, glass_columns_a, glass_columns_a, serial_shops,
          nicolae_shop_crystal, mumra_transporter_accident, solitary_fountain,
          minmay_misc_feat_room, minmay_misc_feat_secret_circle,
          kennysheep_generic_room_5, uniq_sigmund, uniq_blork_the_orc,
          uniq_prince_ribbit1
D:6:      layout_basic, kennysheep_okawaru_gauntlet, kennysheep_generic_room_11,
          uniq_edmund
D:7:      layout_basic, lemuel_crystal_altar, slow_altar_1, uniq_joseph,
          uniq_menkaure
D:8:      layout_basic, lemuel_crystal_altar, gammafunk_ghost_icy, serial_shops,
          nicolae_shop_waterfront
D:9:      layout_gridville, marbit_many_paths, orc_0_dummy
D:10:     minmay_the_grid_triangle_9x9_rhombus_thin_mashed
          [minmay_the_grid_triangle_9x9_flanged_cone,
          minmay_the_grid_triangle_9x9_prize_special,
          minmay_the_grid_triangle_9x9_subtriangle,
          minmay_the_grid_triangle_9x9_tough_junction], layout_loops_cross,
          serial_shops, nicolae_shop_overgrown_old_shop,
          biasface_ghost_orc_armoury, hangedman_ranch [blue_anna_fruit_fields],
          grunt_ministairs_1, kennysheep_donut

Skill      XL: |  1  2  3  4  5  6  7  8  9 10 11 |
---------------+----------------------------------+-----
Unarmed Combat | 3 4 6 8 9 10 11 12 | 12.0
Fighting       | 3 4 5 6 |  6.0
Dodging        | 3 4 5 6 |  6.0
Shields        | 3 4 5 7 8 |  8.7

Action                   |  1- 3 |  4- 6 |  7- 9 | 10-12 || total
-------------------------+-------+-------+-------+-------++-------
Melee: Unarmed           |   108 |    90 |   357 |   438 ||   993
  Use: Potion            |     3 |       |       |       ||     3
 Stab: Sleeping          |       |       |       |     2 ||     2
       Distracted        |       |       |       |     1 ||     1
  Eat: Chunk             |    14 |    15 |    30 |    40 ||    99
Armor: Robe              |    21 |    29 |    74 |    91 ||   215
       Skin              |     2 |     2 |       |       ||     4
Dodge: Dodged            |    27 |    26 |   109 |   187 ||   349
Block: Kite shield       |    45 |    41 |   158 |   219 ||   463
